 Dungeon Crawl Stone Soup version 0.20-a0-217-g17e8ceb (webtiles) character file.

22 Gorice the Vexing (level 3, -2/23 HPs)
             Began as a Kobold Arcane Marksman on Nov 28, 2016.
             Slain by Blork the orc
             ... wielding a +3 mace of protection
              (11 damage)
             ... on level 4 of the Dungeon.
             The game lasted 00:02:24 (328 turns).

Gorice the Vexing (Kobold Arcane Marksman)           Turns: 328, Time: 00:02:25

Health: -2/23      AC:  2    Str:  9    XL:     3   Next: 7%
Magic:  3/4        EV: 15    Int: 14    God:
Gold:   10         SH:  0    Dex: 14    Spells: 3/4 levels left

rFire  . . .     SeeInvis .     b - +0 hand crossbow
rCold  . . .     Gourm    .     e - +0 robe
rNeg   . . .     Faith    .     (shield restricted)
rPois  .         Spirit   .     (no helmet)
rElec  .         Reflect  .     (no cloak)
rCorr  .         Harm     .     (no gloves)
MR     .....                    (no boots)
Stlth  +.........               (no amulet)
                                (no ring)
                                (no ring)

@: no status effects
A: carnivore 3
a: no special abilities


You were on level 4 of the Dungeon.
You were not hungry.

You visited 1 branch of the dungeon, and saw 4 of its levels.

You collected 10 gold pieces.

Inventory:

Hand Weapons
 a - a +1 dagger of speed
   (You took it off an orc on level 4 of the Dungeon)
 b - a +0 hand crossbow (weapon)
Missiles
 d - 18 bolts (quivered)
 Z - 20 stones
Armour
 e - a +0 robe (worn)
 i - a +0 chain mail
Potions
 g - a potion of might {unknown}
Books
 c - a book of Debilitation
Comestibles
 f - a meat ration {!e}


   Skills:
 * Level 3.0 Fighting
 - Level 2.4 Crossbows
 - Level 2.4 Dodging
 - Level 1.1 Spellcasting
 - Level 3.0 Hexes


You had 3 spell levels left.
You knew the following spells:

 Your Spells              Type           Power        Failure   Level  Hunger
a - Corona                Hex            #......      10%         1    ##.....


Dungeon Overview and Level Annotations

Branches:
Dungeon (4/15)
 Temple: D:4-7

Altars:

Annotations:
D:4 Blork the orc


Innate Abilities, Weirdness & Mutations

You are small and have problems with some larger weapons.
You are carnivorous and can eat meat at any time.


Message History

b - a chunk of flesh
Things that are here:
a dagger of speed; a chain mail; an orc skeleton
h - a dagger of speed;
i - a chain mail Wield which item (- for none, * to show all)? (? for menu, Esc to quit)
Your hands tingle!
h - a +1 dagger of speed (weapon)
Adjust (i)tems, (s)pells, or (a)bilities?
Adjust which item? (? for menu, Esc to quit)
h - a +1 dagger of speed (weapon)
Adjust to which letter? (? for menu, Esc to quit)
b - a +1 dagger of speed (weapon);
h - a chunk of flesh Adjust (i)tems, (s)pells, or (a)bilities?
Adjust which item? (? for menu, Esc to quit)
a - a +0 hand crossbow Adjust to which letter? (? for menu, Esc to quit)
b - a +0 hand crossbow;
a - a +1 dagger of speed (weapon)
b - a +0 hand crossbow (weapon)
d - 20 bolts (gained 1)
You start resting.
Eating a chunk of flesh.
You start eating the chunk of flesh.
This raw flesh tastes great.
HP restored.
Blork the orc comes into view.
He is wielding a mace of protection.
Blork the orc shouts!
Blork the orc hits you with a mace of protection!
Damage: 7 (max 7)
Casting: Corona
Confirm with . or Enter, or press ? or * to list all spells.
Aiming: Corona
Press: ? - help, Shift-Dir - straight line, f - Blork the orc
Aim: Blork the orc, wielding a mace of protection and wearing a glowing robe (chance to defeat MR: 44%) Blork the orc is outlined in light.
Blork the orc hits you with a mace of protection.
Damage: 4 (max 7) Firing (i - inventory. (,) - cycle):
d - 20 bolts (quivered)
Press: ? - help, Shift-Dir - straight line, f/p - Blork the orc
Aim: Blork the orc, wielding a mace of protection and wearing a glowing robe (softly glowing)
You shoot a bolt.
The bolt hits Blork the orc but does no damage.
Blork the orc hits you with a mace of protection.
* * * LOW HITPOINT WARNING * * *
Damage: 3 (max 7) Firing (i - inventory. (,) - cycle):
d - 19 bolts (quivered)
Press: ? - help, Shift-Dir - straight line, f/p - Blork the orc
Aim: Blork the orc, wielding a mace of protection and wearing a glowing robe (softly glowing)
You shoot a bolt.
The bolt hits Blork the orc but does no damage.
Blork the orc hits you with a mace of protection!
You die...

###### ###@#..#
#.##o..# #.#...## #
##..#...#
#>.##########..###...#
#........<.....# #...#
........รท......#
#...# ......#####....#
#...# ...... #...##
#...


You could see Blork the orc.

Vanquished Creatures
  2 adders (D:4)
  An orc (D:4)
  A hobgoblin (D:3)
  A rat (D:3)
5 creatures vanquished.

Notes
Turn   | Place    | Note
-------+----------+-------------------------------------------
     0 | D:1      | Gorice the Kobold Arcane Marksman began the quest for the Orb.
     0 | D:1      | Reached XP level 1. HP: 12/12 MP: 2/2
    62 | D:3      | Noticed a bullfrog
    78 | D:4      | Reached skill level 2 in Fighting
    78 | D:4      | Reached XP level 2. HP: 13/18 MP: 1/3
   221 | D:4      | Reached XP level 3. HP: 22/22 MP: 4/4
   287 | D:4      | Reached skill level 3 in Fighting
   323 | D:4      | Noticed Blork the orc
   328 | D:4      | Slain by Blork the orc

Vault maps used:
D:1:      lemuel_arrival_hallway
D:2:      nicolae_overflow_hidden_temple,
          nicolae_gozag_cash_rules_everything_around_me, minitemple,
          kennysheep_generic_room_5
D:3:      first_bread, uniq_jessica, uniq_iyjb
D:4:      serial_shops, nicolae_shop_stone, wad_floor_pattern_untrapped,
          uniq_duvessa, uniq_edmund, uniq_blork_the_orc

Skill      XL: |  1  2  3 |
---------------+----------+-----
Fighting       | 2 3 |  3.0
Crossbows      | |  2.4
Dodging        | |  2.4
Spellcasting   | |  1.1
Hexes          | |  3.0

Action                   || total
-------------------------++-------
 Fire: Hand crossbow     ||    11
 Cast: Corona            ||     5
  Eat: Chunk             ||     2
Dodge: Dodged            ||     2

Table legend:
 A = Turns spent in this place as a percentage of turns spent in the entire game.
 B = Non-inter-level travel turns spent in this place as a percentage of non-inter-level travel turns spent in the entire game.
 C = Inter-level travel turns spent in this place as a percentage of turns spent in this place.
 D = Turns resting spent in this place as a percentage of non-inter-level travel turns spent in this place.
 E = Turns spent auto-exploring this place as a percentage of non-inter-level travel turns spent in this place.
 F = Non-inter-level travel turns spent in this place divided by the number of levels of this place that you've seen.
                   A       B       C       D       E      F
               +-------+-------+-------+-------+-------+----------------------
         Total | 100.0 | 100.0 |   0.0 |   4.9 |   0.6 |  41.0
       Dungeon | 100.0 | 100.0 |   0.0 |   4.9 |   0.6 |  41.0
               +-------+-------+-------+-------+-------+----------------------

Vault maps used:
D:1:      lemuel_arrival_hallway
D:2:      nicolae_overflow_hidden_temple,
          nicolae_gozag_cash_rules_everything_around_me, minitemple,
          kennysheep_generic_room_5
D:3:      first_bread, uniq_jessica, uniq_iyjb
D:4:      serial_shops, nicolae_shop_stone, wad_floor_pattern_untrapped,
          uniq_duvessa, uniq_edmund, uniq_blork_the_orc
